 Dungeon Crawl Stone Soup version 0.30-a0-368-g86fb4627a9 (webtiles) character file.

Game seed: 508169847007525154

89 ryw the Ducker (level 4, -11/34 HPs)
             Began as a Demonspawn Wanderer on Nov 19, 2022.
             Mangled by an ogre
             ... wielding a +0 giant spiked club
              (27 damage)
             ... on level 3 of the Dungeon.
             The game lasted 00:06:26 (2572 turns).

ryw the Ducker (Demonspawn Wanderer)                Turns: 2572, Time: 00:06:27

Health: -11/34     AC:  4    Str:  9    XL:     4   Next: 31%
Magic:  0/5        EV: 12    Int: 19    God:
Gold:   157        SH:  0    Dex: 12    Spells: 4/5 levels left

rFire   . . .      SeeInvis .    p - +0 falchion (elec)
rCold   . . .      Faith    +    (no shield)
rNeg    . . .      Spirit   .    c - +0 robe
rPois   .          Reflect  .    q - +0 helmet
rElec   .          Harm     .    (no cloak)
rCorr   .          Rampage  .    (no gloves)
Will    .....                    d - +0 pair of boots
Stlth   ++........               e - amulet of faith
HPRegen 0.25/turn                g - ring of wizardry
MPRegen 0.09/turn                (no ring)

@: no status effects
A: spiny 1, weakness stinger 1
a: no special abilities


You were on level 3 of the Dungeon.
You visited 1 branch of the dungeon, and saw 3 of its levels.

You collected 157 gold pieces.

Inventory:

Hand Weapons
 a - a +0 dagger
 p - a +0 falchion of electrocution (weapon)
Armour
 c - a +0 robe (worn)
 d - a +0 pair of boots (worn)
 o - an orb of light
 q - a +0 helmet (worn)
Jewellery
 e - an amulet of faith (around neck)
 g - a ring of wizardry (left hand)
Scrolls
 f - a scroll of magic mapping
 h - a scroll of amnesia {unknown}
 i - a scroll of teleportation
 j - a scroll of enchant armour {unknown}
 m - a scroll of fear {unknown}
Potions
 b - a potion of heal wounds
 k - 2 potions of haste {unknown}
 l - 2 potions of might
 n - 2 potions of magic {unknown}


   Skills:
 + Level 2.6 Fighting
 - Level 1.0 Armour
 + Level 2.8 Dodging
 - Level 1.7 Stealth
 - Level 1.0 Spellcasting
 - Level 1.0 Hexes
 - Level 2.6 Earth Magic
 - Level 1.0 Evocations


You had 4 spell levels left.
You knew the following spells:

 Your Spells              Type           Power      Damage    Failure   Level
a - Sandblast             Erth           22%        2d7       2%          1

Your spell library contained the following spells:

 Spells                   Type           Power      Damage    Failure   Level
 Slow                     Hex            16%        N/A       4%          1
 Stone Arrow              Conj/Erth      12%        3d7       13%         3
 Inner Flame              Hex/Fire       2%         N/A       17%         3
 Leda's Liquefaction      Hex/Erth       3%         N/A       32%         4


Dungeon Overview and Level Annotations

Branches:
Dungeon (3/15)

Altars:


Innate Abilities, Weirdness & Mutations

You are partially covered in sharp spines.
You have a small tail.


Message History

Casting: Sandblast (safe; 2% risk of failure)
Confirm with . or Enter, or press ? or * to list all spells.
Aiming: Sandblast (safe; 2% risk of failure)
Press: ? - help, Shift-Dir - straight line, f - ogre
Aim: an ogre, wielding a +0 giant spiked club (91% to hit)
The blast of sand hits the ogre!
The ogre is moderately wounded.
Casting: Sandblast (safe; 2% risk of failure)
Confirm with . or Enter, or press ? or * to list all spells.
Aiming: Sandblast (safe; 2% risk of failure)
Press: ? - help, Shift-Dir - straight line, f/p - ogre
Aim: an ogre, wielding a +0 giant spiked club (moderately wounded, 91% to hit)
The blast of sand hits the ogre.
The ogre is heavily wounded.
Casting: Sandblast (safe; 2% risk of failure)
Confirm with . or Enter, or press ? or * to list all spells.
Aiming: Sandblast (safe; 2% risk of failure)
Press: ? - help, Shift-Dir - straight line, f/p - ogre
Aim: an ogre, wielding a +0 giant spiked club (heavily wounded, 91% to hit)
The blast of sand hits the ogre.
The ogre is severely wounded.
The ogre hits you with a +0 giant spiked club.
Casting: Sandblast (safe; 2% risk of failure)
Confirm with . or Enter, or press ? or * to list all spells.
Aiming: Sandblast (safe; 2% risk of failure)
Press: ? - help, Shift-Dir - straight line, f/p - ogre
Aim: an ogre, wielding a +0 giant spiked club (severely wounded, 91% to hit)
The blast of sand hits the ogre.
The ogre is almost dead.
The ogre hits you with a +0 giant spiked club!
Ouch! That really hurt!
Casting: Sandblast (safe; 2% risk of failure)
Confirm with . or Enter, or press ? or * to list all spells.
Aiming: Sandblast (safe; 2% risk of failure)
Press: ? - help, Shift-Dir - straight line, f/p - ogre
Aim: an ogre, wielding a +0 giant spiked club (almost dead, 91% to hit)
The blast of sand misses the ogre.
The ogre hits you with a +0 giant spiked club!!
Ouch! That really hurt!
You die...

#........O...
#!.........>.
#...........
#..........
###.####.#. #.#
#.#.8 #.# #.#.# #O#
#.#.# #@# #.#.# #.#
#.#.# ###.# #<#.# ##
#...####.#.### P#.
#...#........# P#.#
#...#.##....## #.#.#
#.....##..#..#P#P#.#
#^...###..##.#P#P#..
#>..## #..####.#.#.#


You could see an ogre.

Vanquished Creatures
  Robin (D:3)
  2 adders
  A worm (D:2)
  8 endoplasms
  3 giant cockroaches (D:1)
  9 goblins
  3 hobgoblins
  2 jackals (D:1)
  7 kobolds
  2 quokkas (D:1)
  7 ball pythons
  2 bats
  2 frilled lizards
  4 rats
53 creatures vanquished.

Notes
Turn   | Place    | Note
-------+----------+-------------------------------------------
     0 | D:1      | ryw the Demonspawn Wanderer began the quest for the Orb.
     0 | D:1      | ryw set off with the following items: a +0 dagger, a potion
                  | of heal wounds, a +0 robe, a +0 pair of boots; and the
                  | following spells available to memorise: Sandblast, Slow,
                  | Stone Arrow, Inner Flame, Leda's Liquefaction.
     0 | D:1      | Reached XP level 1. HP: 13/13 MP: 2/2
    76 | D:1      | Learned a level 1 spell: Sandblast
   169 | D:1      | Reached skill level 1 in Fighting
   187 | D:1      | Gained mutation: You have a small tail. [demonic ancestry]
   187 | D:1      | Reached XP level 2. HP: 20/21 MP: 0/3
   591 | D:1      | Reached XP level 3. HP: 27/27 MP: 1/4
   657 | D:1      | Found a faded altar of an unknown god.
  2296 | D:3      | Gained mutation: You are partially covered in sharp spines.
                  | [demonic ancestry]
  2296 | D:3      | Reached XP level 4. HP: 33/34 MP: 2/5
  2353 | D:3      | Noticed Robin
  2389 | D:3      | Killed Robin
  2559 | D:3      | Noticed an ogre
  2572 | D:3      | Mangled by an ogre

Illustrated notes

Levels and vault maps discovered:
D:1:      sevenhm_arrival_forest_fort_small_3, layout_rooms,
          dreamdust_ecumenical_altar_hidden_monk_grotto
D:2:      layout_basic, serial_rivers, chequers_serial_rivers_small_b,
          chequers_serial_rivers_small_3, chequers_serial_rivers_large_b,
          chequers_serial_rivers_micro_e
D:3:      layout_rooms, serial_aquarium, aquarium_bridge_square
          [aquarium_subvault_bridge, aquarium_subvault_bridge,
          aquarium_subvault_window, aquarium_subvault_bridge],
          aquarium_window_fake, aquarium_window_1, aquarium_window_corridor_1,
          aquarium_window_2, aquarium_view_2g, aquarium_balcony_1b,
          biasface_ghost_orc_armoury, columned_hall_lemuel,
          kennysheep_nondescript, uniq_crazy_yiuf_cottage, uniq_grinder,
          uniq_robin

Skill      XL: |  1  2  3 |
---------------+----------+-----
Fighting       | 1 2 |  2.6
Dodging        | 2 |  2.8
Armour         | |  1.0
Stealth        | |  1.7
Spellcasting   | |  1.0
Hexes          | |  1.0
Earth Magic    | |  2.6
Evocations     | |  1.0

Action                   |  1- 3 |  4- 6 || total
-------------------------+-------+-------++-------
Melee: Dagger            |    61 |       ||    61
       Punch             |     1 |       ||     1
 Cast: Sandblast         |    59 |    13 ||    72
  Use: Scroll            |     3 |       ||     3
       Potion            |     2 |       ||     2
Armor: Robe              |    32 |     1 ||    33
Dodge: Dodged            |    50 |     4 ||    54

Table legend: (Time is in decaauts)
 A = Elapsed time spent in this place.
 B = Non-inter-level travel time spent in this place.
 C = Inter-level travel time spent in this place.
 D = Time resting spent in this place.
 E = Time spent auto-exploring this place.
 F = Levels seen in this place.
 G = Mean time per level.
                   A        B        C        D        E       F      G
               +--------+--------+--------+--------+--------+-----+--------+
         Total |   2641 |   2575 |     66 |    440 |   1622 |   3 |  880.3 |
       Dungeon |   2641 |   2575 |     66 |    440 |   1622 |   3 |  880.3 |
               +--------+--------+--------+--------+--------+-----+--------+

Top non-repeatable levels by time:
     D:2: 1210 daAuts
     D:1: 1104 daAuts
     D:3: 326 daAuts
